 Dungeon Crawl Stone Soup version 0.20.0 (webtiles) character file.

102 DunwichHorror the Sneak (level 4, -2/23 HPs)
             Began as a Vine Stalker Assassin on July 25, 2017.
             Killed by divine providence
             ... invoked by an orc priest
              (10 damage)
             ... on level 2 of the Dungeon.
             The game lasted 00:04:10 (2220 turns).

DunwichHorror the Sneak (Vine Stalker Assassin)     Turns: 2220, Time: 00:04:11

Health: -2/23      AC:  6    Str: 15    XL:     4   Next: 78%
Magic:  0/5        EV: 11    Int: 11    God:
Gold:   93         SH:  0    Dex: 15    Spells: 3/3 levels left

rFire    . . .     SeeInvis .   a - +2 dagger
rCold    . . .     Gourm    .   (no shield)
rNeg     . . .     Faith    .   m - +0 leather armour
rPois    .         Spirit   +   w - +0 helmet
rElec    .         Reflect  .   d - +0 cloak
rCorr    .         Harm     .   c - +0 pair of gloves (curse)
MR       .....                  (no boots)
Stlth    +++.......             (no amulet)
Regen    0.5/turn               (no ring)
MPRegen  0.1/turn               (no ring)

@: no status effects
A: fangs 2, regeneration 1, magic shield, antimagic bite, no potion heal 3, rot
immunity
a: no special abilities


You were on level 2 of the Dungeon.
You were not hungry.

You visited 1 branch of the dungeon, and saw 3 of its levels.

You collected 93 gold pieces.

Inventory:

Hand Weapons
 a - a +2 dagger (weapon)
 b - a +0 blowgun
 j - a +0 short sword
Missiles
 e - 8 poisoned needles
 f - 2 curare-tipped needles
Armour
 c - a cursed +0 pair of gloves (worn)
 d - a +0 cloak (worn)
 m - a +0 leather armour (worn)
 w - a +0 helmet (worn)
Jewellery
 r - an uncursed ring of wizardry
Scrolls
 h - 3 scrolls of identify {unknown}
 k - a scroll of teleportation {unknown}
 l - a scroll of remove curse {unknown}
 q - a scroll of blinking {unknown}
 s - 2 scrolls of noise {unknown}
 t - a scroll of immolation {unknown}
Potions
 i - a potion of agility {unknown}
 p - a potion of curing {unknown}
 v - 2 potions of lignification {unknown}
Comestibles
 g - 2 bread rations
 n - 2 meat rations
 o - 2 chunks of flesh
 u - a royal jelly


   Skills:
 - Level 1.7 Fighting
 + Level 4.3 Short Blades
 - Level 1.7 Throwing
 - Level 0.7 Dodging
 - Level 4.8 Stealth


You had 3 spell levels left.
You didn't know any spells.

Dungeon Overview and Level Annotations

Branches:
Dungeon (3/15)

Altars:

Annotations:
D:2 1 runed door


Innate Abilities, Weirdness & Mutations

You have extremely sharp teeth.
Your natural rate of healing is unusually fast.
When hurt, damage is shared between your health and your magic reserves.
Your bite disrupts and absorbs the magic of your enemies.
Potions cannot restore your health.
You are immune to rotting.


Message History

Ouch! That really hurt!
* * * LOW HITPOINT WARNING * * *
You hit the orc priest but do no damage.
The orc priest is moderately wounded.
The orc priest closely misses you.
You hit the orc priest but do no damage.
Your bite misses the orc priest.
The orc priest is moderately wounded.
You hit the orc priest but do no damage.
Your bite misses the orc priest.
The orc priest is moderately wounded.
The orc priest looks encouraged for a moment.
You barely miss the orc priest.
The orc priest is lightly wounded.
The orc priest looks encouraged for a moment.
You completely miss the orc priest. Your bite misses the orc priest.
The orc priest is lightly wounded.
The orc priest calls down the wrath of Beogh upon you.
Beogh smites you!
You die...

#######.#### ##.....##
#.# ##...## #.# ##'##
#.# ########.#
####.###........#
#........#####..##
#.##.##.....##...##
#.##.##..###......#####
#.##.o@.## ##....###...
#.#####.# #...## #.##
#.# #.## ##.######<##
#.#####..###...........
#.......#...########.##
############# #... ####


You could see an orc priest.

Vanquished Creatures
  5 adders (D:2)
  3 worms (D:2)
  4 dart slugs
  4 leopard geckos
  An orc (D:2)
  4 bats
  A giant cockroach (D:1)
  5 goblins (D:1)
  3 hobgoblins
  A ball python (D:1)
  2 frilled lizards
  5 kobolds
  3 rats (D:1)
41 creatures vanquished.

Notes
Turn   | Place    | Note
-------+----------+-------------------------------------------
     0 | D:1      | DunwichHorror the Vine Stalker Assassin began the quest for the Orb.
     0 | D:1      | Reached XP level 1. HP: 11/11 MP: 2/2
   130 | D:1      | Reached XP level 2. HP: 12/15 MP: 1/3
   808 | D:1      | Reached XP level 3. HP: 17/18 MP: 4/4
  1276 | D:2      | Found a runed door.
  1546 | D:2      | Gained mutation: Your natural rate of healing is unusually fast. [Vine Stalker growth]
  1546 | D:2      | Reached XP level 4. HP: 23/23 MP: 5/5
  2220 | D:2      | Killed from afar by an orc priest

Skill      XL: |  1  2  3  4 |
---------------+-------------+-----
Short Blades   | 2 3 4 |  4.3
Fighting       | |  1.7
Throwing       | |  1.7
Dodging        | |  0.7
Stealth        | |  4.8

Action                   |  1- 3 |  4- 6 || total
-------------------------+-------+-------++-------
Melee: Dagger            |    83 |    50 ||   133
       Bite              |    17 |    14 ||    31
 Stab: Sleeping          |     8 |     3 ||    11
  Eat: Chunk             |     2 |     2 ||     4
Armor: Robe              |     5 |       ||     5
       Leather armour    |     9 |    11 ||    20
Dodge: Dodged            |    34 |    22 ||    56
